 Dungeon Crawl Stone Soup version 0.28-a0-969-g2dcde036d2 (webtiles) character file.

Game seed: 1267638003980026473

25 Ijustatesigmund the Charlatan (level 3, -1/28 HPs)
             Began as a Gnoll Artificer on Dec 1, 2021.
             Succumbed to a scorpion's poison
             ... on level 1 of the Dungeon.
             The game lasted 00:02:27 (969 turns).

Ijustatesigmund the Charlatan (Gnoll Artificer)      Turns: 969, Time: 00:02:27

Health: -1/28      AC:  7    Str: 11    XL:     3   Next: 4%
Magic:  3/3        EV: 11    Int: 12    God:
Gold:   33         SH:  0    Dex: 12    Spells: 3/3 levels left

rFire   . . .      SeeInvis .   a - +0 mace
rCold   . . .      Faith    .   (no shield)
rNeg    . . .      Spirit   .   b - +1 ring mail
rPois   .          Reflect  .   (no helmet)
rElec   .          Harm     .   (no cloak)
rCorr   .          Rampage  .   (no gloves)
Will    .....                   (no boots)
Stlth   +.........              (no amulet)
HPRegen 0.09/turn               (no ring)
MPRegen 0.08/turn               (no ring)

@: lethally poisoned (-1 -> -11), weak-willed
A: fangs 1, strong nose, distributed training
a: no special abilities


You were on level 1 of the Dungeon.
You visited 1 branch of the dungeon, and saw 2 of its levels.

You collected 33 gold pieces.

Inventory:

Hand Weapons
 a - a +0 mace (weapon)
Missiles
 f - 3 atropa-tipped darts (quivered)
Armour
 b - a +1 ring mail (worn)
Wands
 c - a wand of flame (13)
 d - a wand of charming (14)
Miscellaneous
 e - a piece from Xom's chessboard (15/15)


   Skills:
 + Level 2.5 Fighting
 + Level 0.5 Short Blades
 + Level 0.5 Long Blades
 + Level 0.5 Axes
 + Level 0.5 Maces & Flails
 + Level 0.5 Polearms
 + Level 0.5 Staves
 + Level 0.5 Slings
 + Level 0.5 Bows
 + Level 0.5 Crossbows
 + Level 0.5 Throwing
 + Level 4.5 Armour
 + Level 2.5 Dodging
 + Level 2.3 Stealth
 + Level 0.5 Shields
 + Level 0.5 Unarmed Combat
 + Level 0.5 Spellcasting
 + Level 0.4 Conjurations
 + Level 0.4 Hexes
 + Level 0.4 Summonings
 + Level 0.4 Necromancy
 + Level 0.4 Translocations
 + Level 0.4 Transmutations
 + Level 0.4 Fire Magic
 + Level 0.4 Ice Magic
 + Level 0.4 Air Magic
 + Level 0.4 Earth Magic
 + Level 0.4 Poison Magic
 + Level 0.7 Invocations
 + Level 6.5 Evocations


You had 3 spell levels left.
You didn't know any spells.
Your spell library contained the following spells:

 Spells                   Type           Power      Damage    Failure   Level
 Sublimation of Blood     Necr           1%         N/A       65%         2
 Petrify                  Tmut/Erth      1%         N/A       99%         4
 Irradiate                Conj/Tmut      0%         3d13      100%        5


Dungeon Overview and Level Annotations

Branches:
Dungeon (2/15)

Altars:

Shops:
D:1 [


Innate Abilities, Weirdness & Mutations

You have very sharp teeth.
Your uncanny sense of smell can sniff out nearby items.
Your experience applies equally to all skills.


Message History

You climb upwards.
There is a stone staircase leading down here.
What are your orders? t - Bark!
Orders for allies: a - Attack new target. r - Retreat! s - Stop attacking. g - Guard the area. f - Follow me.
Anything else - Cancel.
Retreat in which direction?
Press: ? - help, Dir - move target Fall back!
You start resting.
A scorpion is nearby!
Things that are here:
a stone; a +0 club
Aiming: Throw Flame
Press: ? - help, Q - select action, (/) - cycle Shift-Dir - straight line, f - scorpion
Aim: a scorpion (74% to hit)
The puff of flame hits the scorpion!
The scorpion is moderately wounded.
Throw: 4 darts (atropa)
Press: ? - help, Q - select action, (/) - cycle Shift-Dir - straight line, f/p - scorpion
Aim: a scorpion (moderately wounded, 57% to hit, chance to blind on hit: 67%)
You throw an atropa-tipped dart.
The atropa-tipped dart barely misses the scorpion.
The scorpion stings you!
* * * LOW HITPOINT WARNING * * *
You aren't carrying any potions.
As you read the scroll labelled GAHUXU JAXYEG, it crumbles to dust.
Magic quickly surges around you.
It was a scroll of vulnerability.
The scorpion barely misses you.
As you read the scroll labelled IZISYA COER, it crumbles to dust.
It is a scroll of enchant armour.
Your +0 ring mail glows green for a moment.
The scorpion stings you.
* * * LOW HITPOINT WARNING * * *
You are lethally poisoned!
The scorpion poisons you!
The scorpion stings you but does no damage.
You die...

#s# #.>...................
#.# #............#+#...###
#.# ###...##...###.##..#
#.######...###.####.##..#
#.........## #.# #...#.##
# #########(#
#.###...##.### #s#
#..##...###... ########.##
####..⌠..#####
#........@###...........##
#.#######.'.....⌠.<.⌠.....
#.# #####...........## #.#
####..⌠..#### #.#
#.###...### #.# #.#
#...#.# #.###########.#
#...#.# #.#...........#
##.##.#### #.#.#########.#
#.##.....


You could see a scorpion (weak-willed).

Vanquished Creatures
  2 dart slugs (D:1)
  A bat (D:1)
  3 endoplasms (D:1)
  2 giant cockroaches (D:1)
  A hobgoblin (D:1)
  2 jackals (D:1)
  3 kobolds (D:1)
  2 ball pythons (D:1)
  A rat (D:1)
17 creatures vanquished.

Vanquished Creatures (collateral kills)
  A kobold (D:2)
1 creature vanquished.

Grand Total: 18 creatures vanquished

Notes
Turn   | Place    | Note
-------+----------+-------------------------------------------
     0 | D:1      | Ijustatesigmund the Gnoll Artificer began the quest for the
                  | Orb.
     0 | D:1      | Reached XP level 1. HP: 17/17 MP: 1/1
    63 | D:1      | Found a faded altar of an unknown god.
    67 | D:1      | Found Sosym's Armour Emporium.
   273 | D:1      | Reached XP level 2. HP: 22/23 MP: 2/2
   822 | D:1      | Reached XP level 3. HP: 24/28 MP: 3/3
   910 | D:2      | Noticed a scorpion
   969 | D:1      | Succumbed to a scorpion's poison

Illustrated notes

Levels and vault maps discovered:
D:1:      evilmike_arrival_plus, layout_loops_ring, serial_shops,
          nicolae_shop_crystal, hellmonk_ecumenical_altar_crossroads
D:2:      layout_loops_ring, basic_altar, hangedman_abyss_or_decor_stabs

Action                   || total
-------------------------++-------
Melee: Club              ||    14
       Mace              ||    53
       Bite              ||     6
Throw: Dart              ||     1
Evoke: Wand              ||     3
  Use: Scroll            ||     2
 Stab: Sleeping          ||     2
Armor: Leather armour    ||     6
       Ring mail         ||    32
Dodge: Dodged            ||    64

Table legend: (Time is in decaauts)
 A = Elapsed time spent in this place.
 B = Non-inter-level travel time spent in this place.
 C = Inter-level travel time spent in this place.
 D = Time resting spent in this place.
 E = Time spent auto-exploring this place.
 F = Levels seen in this place.
 G = Mean time per level.
                   A        B        C        D        E       F      G
               +--------+--------+--------+--------+--------+-----+--------+
         Total |    992 |    981 |     11 |      8 |    722 |   2 |  496.0 |
       Dungeon |    992 |    981 |     11 |      8 |    722 |   2 |  496.0 |
               +--------+--------+--------+--------+--------+-----+--------+

Top non-repeatable levels by time:
     D:1: 979 daAuts
     D:2: 12 daAuts
